 Dungeon Crawl Stone Soup version 0.31-a0-960-g0fca184906 (webtiles) character file.

Game seed: 6032260049018557299

1428 lunkers the Grappler (level 9, -1/96 HPs)
             Began as a Meteoran Shapeshifter on Oct 23, 2023.
             Was a Follower of Makhleb.
             Succumbed to a scorpion's poison
             ... on level 7 of the Dungeon.
             The game lasted 00:07:00 (2994 turns).

lunkers the Grappler (Meteoran Shapeshifter)        Turns: 2994, Time: 00:07:00

Health: -1/96      AC: 24    Str: 18    XL:     9   Next: 23%
Magic:  10/10      EV:  2    Int: 13    God:    Makhleb [*.....]
Gold:   202        SH:  0    Dex: 21    Spells: 8/8 levels left

rFire   . .          .
                       - Unarmed
rCold   + . .        (no shield)
rNeg    . . .        y - melded +0 acid dragon scales
rPois   +            (helmet currently unavailable)
rElec   .            g - melded +0 cloak
rCorr   .            (gloves currently unavailable)
SInv    .            (boots currently unavailable)
Will    +....        (no amulet)
Stlth   +            l - +6 ring of dexterity
HPRegen 0.36/turn    m - ring of protection from cold
MPRegen 0.12/turn

%: no passive effects
@: lethally poisoned (-1 -> -11), tree-form, glowing
A: stationary, stasis, torment immunity, boosted hp, sense surroundings 2,
otherworldly, glowing, explore regen
a: Renounce Religion


You were on level 7 of the Dungeon.
You worshipped Makhleb.
Makhleb was aware of your devotion.
You were a tree.
You visited 1 branch of the dungeon, and saw 7 of its levels.
You also visited: Ossuary.

You collected 202 gold pieces.

Inventory:

Missiles
 p - a throwing net
Armour
 f - a +1 plate armour
 g - a +0 cloak (melded)
 y - +0 acid dragon scales (melded)
Jewellery
 h - an amulet of faith
 l - a +6 ring of dexterity (left branch)
 m - a ring of protection from cold (right branch)
Talismans
 c - a beast talisman
 d - a flux talisman (active)
Wands
 a - a wand of polymorph (9)
 n - a wand of charming (12)
 s - a wand of flame (33)
Scrolls
 r - a scroll of enchant weapon
 t - a scroll of enchant armour
 w - a scroll of torment
 x - 3 scrolls of fear
Potions
 e - 2 potions of cancellation
 i - 2 potions of resistance
 j - a potion of enlightenment {unknown}
 k - a potion of curing {unknown}
 o - a potion of might {unknown}
 q - 2 potions of haste {unknown}
 v - a potion of degeneration {unknown}
 z - a potion of invisibility {unknown}
 A - a potion of attraction {unknown}


   Skills:
 + Level 1.4 Fighting
 + Level 2.3 Dodging
 * Level 10.7 Unarmed Combat
 + Level 0.7 Invocations
 + Level 7.5 Shapeshifting


You had 8 spell levels left.
You didn't know any spells.
Your spell library contained the following spells:

 Spells                   Type           Power      Damage    Failure   Level
 Magic Dart               Conj           0%         1d3       30%         1
 Call Imp                 Summ           0%         N/A       43%         2
 Cigotuvi's Dreadful Rot  Necr/Pois/Air  0%         N/A       43%         2
 Ensorcelled Hibernation  Hex/Ice        0%         N/A       43%         2
 Passwall                 Tmut/Erth      0%         N/A       43%         2
 Mephitic Cloud           Conj/Pois/Air  0%         N/A       67%         3
 Swiftness                Air            0%         N/A       67%         3
 Dispel Undead            Necr           0%         3d6       97%         4
 Summon Forest            Summ/Tloc      0%         N/A       100%        5
 Summon Mana Viper        Hex/Summ       0%         N/A       100%        5
 Death Channel            Necr           0%         N/A       100%        6
 Summon Cactus Giant      Summ           0%         N/A       100%        6


Dungeon Overview and Level Annotations

Branches:
Dungeon (7/15) Zot: 1416   Temple (0/1) D:6         Ossuary (visited)

Altars:
Ashenzari
Makhleb
Nemelex Xobeh
Uskayaw
Wu Jian
Xom
The Shining One

Shops:
D:3 [


Innate Abilities, Weirdness & Mutations

You are a tree.
Your roots penetrate the ground, keeping you stationary.
You cannot be teleported.
You are immune to unholy pain and torment.
Your maximum health is greatly increased.
Your equipment is partially melded.
You passively map the area around you.
You are easily found by Zot.
You glow in the dark.
You regain HP and MP as you explore.


Message History

* * * LOW HITPOINT WARNING * * *
The scorpion stings you.
* * * LOW HITPOINT WARNING * * *
You are poisoned.
The scorpion poisons you!
You hit the black bear but do no damage.
The black bear glows dangerously bright.
You feel sick. The black bear closely misses you. The black bear claws you.
* * * LOW HITPOINT WARNING * * *
The black bear claws you but does no damage.
The scorpion barely misses you.
You hit the black bear but do no damage.
The black bear shudders as magic cascades through it!
The black bear twists and deforms.
The black bear is moderately wounded.
You feel sick. The black bear closely misses you.
The black bear barely misses you. The black bear misses you.
The scorpion stings you.
* * * LOW HITPOINT WARNING * * *
You are lethally poisoned!
The scorpion poisons you!
You punch the black bear!
The black bear begins to glow.
The black bear is severely wounded.
* * * LOW HITPOINT WARNING * * *
You feel very sick. The scorpion barely misses you.
The black bear goes berserk!
Your transformation has ended.
You turn into a tree.
Your +0 cloak melds into your body.
Your +0 acid dragon scales melds into your body.
Your roots penetrate the ground.
* * * LOW HITPOINT WARNING * * *
You feel very sick.
The black bear bites you but does no damage.
The black bear claws you but does no damage. x2
The scorpion stings you but does no damage.
Unknown command.
You hit the black bear. You punch the black bear!
You kill the black bear!
Makhleb accepts your kill.
You die...

, , , , , , ,*
.............. , * **
#........:..... ,
............... , * ,
.............. * ,,,,
..........## ,, , *
.[.......#, ,, * , , ,
###)s#..# * , ,
#...♣.#.# * * ,
......#..#.####. ,,, *
*, ..... #.!..#....,, *
* ..... #$......## ,* *
* ,,.##...##.#...... *
**#..##..............).
**
*#..........#........
#..........##.......
#####.#................


You could see a scorpion.

Vanquished Creatures
  Maggie (D:7)
  2 water moccasins
  Duvessa (D:4)
  An ice beast (D:5)
  An ogre (D:7)
  A black bear (D:7)
  2 centaurs
  A water moccasin zombie (Ossuary)
  A scorpion (D:5)
  Dowan (D:4)
  A hound (D:6)
  A jelly (D:6)
  2 sleepcaps
  2 orc wizards (D:3)
  An iguana (D:5)
  2 mummies (Ossuary)
  3 adders
  2 shadow imps (D:6)
  A white imp (D:6)
  5 adder zombies (Ossuary)
  A worm (D:3)
  2 dart slugs (D:1)
  4 orcs
  5 bats
  4 endoplasms
  3 giant cockroaches
  4 gnoll zombies (Ossuary)
  2 goblins (D:3)
  6 hobgoblins
  4 jackals (D:1)
  5 kobolds
  7 ball pythons
  A frilled lizard (D:3)
  6 hobgoblin zombies (Ossuary)
  6 kobold zombies (Ossuary)
  5 orc zombies (Ossuary)
  4 rats
101 creatures vanquished.

Notes
Turn   | Place    | Note
-------+----------+-------------------------------------------
     0 | D:1      | lunkers the Meteoran Shapeshifter began the quest for the
                  | Orb.
     0 | D:1      | Reached XP level 1. HP: 16/16 MP: 2/2
   161 | D:1      | Reached XP level 2. HP: 23/23 MP: 3/3
   229 | D:1      | Reached skill level 4 in Unarmed Combat
   283 | D:1      | Reached XP level 3. HP: 25/28 MP: 4/4
   967 | D:3      | Reached XP level 4. HP: 35/35 MP: 5/5
  1065 | D:3      | Found a broken altar of Ashenzari.
  1101 | D:3      | Reached skill level 5 in Unarmed Combat
  1136 | D:3      | Reached XP level 5. HP: 40/40 MP: 6/6
  1244 | D:3      | Found Geusuan's Antique Armour Shoppe.
  1285 | D:4      | Found a hide-covered altar of Uskayaw.
  1338 | D:4      | Noticed Duvessa
  1338 | D:4      | Noticed Dowan
  1349 | D:4      | Killed Duvessa
  1350 | D:4      | Reached skill level 6 in Unarmed Combat
  1350 | D:4      | Reached skill level 5 in Shapeshifting
  1350 | D:4      | Reached XP level 6. HP: 24/47 MP: 7/7
  1353 | D:4      | Killed Dowan
  1358 | D:4      | Reached skill level 7 in Unarmed Combat
  1583 | D:5      | Entered Level 5 of the Dungeon
  1609 | D:5      | Found a burning altar of Makhleb.
  1616 | D:5      | Became a worshipper of Makhleb the Destroyer
  1624 | D:5      | Noticed a centaur
  1632 | D:5      | Killed a centaur
  1633 | D:5      | Reached XP level 7. HP: 26/52 MP: 8/8
  1730 | D:5      | Reached skill level 8 in Unarmed Combat
  1757 | D:5      | Found a sand-covered staircase.
  1807 | Ossuary  | Entered an ossuary
  1924 | Ossuary  | Reached * piety under Makhleb
  1944 | Ossuary  | Reached XP level 8. HP: 33/59 MP: 9/9
  2060 | D:5      | Identified the +7 dagger of the Unkillable {flame, rPois
                  | Will+ Str+2 Dex+3}
  2186 | D:5      | Reached skill level 9 in Unarmed Combat
  2201 | D:5      | Found a sparkling altar of Nemelex Xobeh.
  2220 | D:6      | Found a glowing golden altar of the Shining One.
  2223 | D:6      | Identified the +9 hand axe of the Hall of Blades {holy,
                  | *Rage rF+ Dex+6}
  2506 | D:6      | Found a shimmering altar of Xom.
  2689 | D:6      | Found an ornate altar of the Wu Jian Council.
  2730 | D:6      | Found a staircase to the Ecumenical Temple.
  2864 | D:7      | Noticed Maggie
  2875 | D:7      | Killed Maggie
  2876 | D:7      | Reached skill level 10 in Unarmed Combat
  2876 | D:7      | Gained mutation: You passively map the area around you.
                  | [Meteoran growth]
  2876 | D:7      | Reached XP level 9. HP: 42/64 MP: 10/10
  2992 | D:7      | HP: 3/64 [poisoned by a scorpion]
  2993 | D:7      | HP: 1/96 [poisoned by a scorpion]
  2994 | D:7      | Succumbed to a scorpion's poison

Illustrated notes

Levels and vault maps discovered:
D:1:      heliophobic_arrival_dark_side_of_the_moon, layout_rooms,
          serial_co_window_serial, co_window_paths_b,
          co_window_of_opportunity_a, co_window_corner_a, co_window_paths_a,
          co_window_paths_b, co_window_corner_a, co_window_of_opportunity_a,
          co_window_cross_3, co_window_corner_cb, co_window_broadway_b,
          co_window_4corner_b, co_window_paths_e, glass_columns_a,
          glass_columns_a
D:2:      layout_loops_corners, basic_altar, serial_forest,
          infiniplex_forest_lined_3_way, infiniplex_forest_straight_5,
          infiniplex_forest_lined_ring, infiniplex_forest_end_3,
          infiniplex_forest_lined_2, infiniplex_forest_clump_long,
          infiniplex_forest_lined_3, infiniplex_forest_clump_double,
          infiniplex_forest_lined_room_3, chequers_serial_rivers_small_b,
          ebering_dispersal_statue_hall
D:3:      layout_loops_cross, mainiacjoe_overflow_24_doors, serial_shops,
          nicolae_shop_hallway_stairs, ebering_ghost_rock_garden
D:4:      layout_basic, mainiacjoe_overflow_surrounded_room, uniq_duvessa
D:5:      layout_basic, mainiacjoe_overflow_alcove_2,
          grunt_temple_overflow_open, nicolae_ossuary_entry_false_entrances
D:6:      layout_layer_cave, pdpol_wu_jian_five_deadly_venoms,
          mainiacjoe_overflow_concentric_impassable, general_overflow_altar,
          minmay_temple_entry_waves
D:7:      layout_cave_pools, lemuel_doored_altar, supply_closet_lemuel,
          uniq_menkaure, uniq_maggie

Skill      XL: |  1  2  3  4  5  6  7  8 |
---------------+-------------------------+-----
Unarmed Combat | 4 5 6 7 8 10 | 10.7
Shapeshifting  | 4 5 6 7 |  7.5
Fighting       | |  1.4
Dodging        | |  2.3
Invocations    | |  0.7

Action                     |  1- 3 |  4- 6 |  7- 9 || total
---------------------------+-------+-------+-------++-------
  Melee: Unarmed           |    68 |    70 |   163 ||   301
         Punch             |     2 |     4 |     5 ||    11
    Use: Scroll            |       |       |    12 ||    12
         Potion            |       |       |     1 ||     1
 Armour: Animal skin       |    14 |       |       ||    14
         Plate armour      |    18 |    53 |   115 ||   186
         Acid dragon scale |       |       |    10 ||    10
         Skin              |       |       |     4 ||     4
  Dodge: Dodged            |    38 |    21 |    33 ||    92
   Form: Flux              |       |       |     1 ||     1

Table legend: (Time is in decaauts)
 A = Elapsed time spent in this place.
 B = Non-inter-level travel time spent in this place.
 C = Inter-level travel time spent in this place.
 D = Time resting spent in this place.
 E = Time spent auto-exploring this place.
 F = Levels seen in this place.
 G = Mean time per level.
                   A        B        C        D        E       F      G
               +--------+--------+--------+--------+--------+-----+--------+
         Total |   2952 |   2926 |     26 |     65 |   1958 |   8 |  369.0 |
       Dungeon |   2783 |   2757 |     26 |     65 |   1889 |   7 |  397.6 |
       Ossuary |    168 |    168 |      0 |      0 |     69 |   1 |  168.0 |
               +--------+--------+--------+--------+--------+-----+--------+

Top non-repeatable levels by time:
     D:6: 608 daAuts
     D:1: 484 daAuts
     D:5: 443 daAuts
     D:2: 442 daAuts
     D:3: 329 daAuts
     D:4: 311 daAuts
 Ossuary: 168 daAuts
     D:7: 162 daAuts
